[Event "Titled Tuesday Blitz May 23 Late 2023"]
[White "Safin, Robert"]
[Black "Riehle, Marco"]
[WhiteFideId "34189120"]
[BlackFideId "12904392"]
[WhiteElo "2295"]
[BlackElo "2462"]
[Result "1-0"]
[Round "05"]
[TimeControl "180+2"]
[Date "2023.05.23"]
[WhiteClock "0:00:17"]
[BlackClock "0:01:07"]

1. e4 e5 2. Nf3 Nf6 3. d4 Nxe4 4. Bd3 Nc6 5. d5 Nf6 6. dxc6 e4 7. cxb7 Bxb7 8. Be2 exf3 9. Bxf3 Bxf3 10. Qxf3 d5 11. O-O Be7 12. c4 c6 13. cxd5 cxd5 14. Nc3 O-O 15. Bg5 d4 16. Rad1 h6 17. Be3 Bc5 18. Na4 Bb6 19. Nxb6 axb6 20. Bxd4 Rxa2 21. Bc5 bxc5 22. Rxd8 Rxd8 23. Qb3 Raa8 24. Rc1 Rac8 25. Qb5 Ne4 26. f3 Nd6 27. Qa5 c4 28. Rd1 Nb7 29. Rxd8+ Rxd8 30. Qc7 Rd1+ 31. Kf2 Nd6 32. Ke2 Rd3 33. b3 Rd4 34. Qc5 Nf5 35. Qc8+ Kh7 36. Qxf5+ Kg8 37. Qc8+ Kh7 38. bxc4 g5 39. c5 g4 40. fxg4 h5 41. gxh5 Re4+ 42. Kf3 Re7 43. c6 f5 44. c7 Rf7 45. h4 f4 46. Qd8 Rf8 47. c8=Q Kg7 48. Qxf8+ Kh7 49. Qh8# 1-0


[Site "https://www.chess.com"]

[Event "Titled Tuesday Blitz May 23 Late 2023"]
[White "Kisic, Bozidar"]
[Black "Schmakel, Sam"]
[WhiteFideId "16500350"]
[BlackFideId "2039311"]
[WhiteElo "2234"]
[BlackElo "2356"]
[Result "0-1"]
[Round "05"]
[TimeControl "180+2"]
[Date "2023.05.23"]
[WhiteClock "0:00:00"]
[BlackClock "0:00:16"]

1. d4 d5 2. c4 e6 3. Nc3 Nf6 4. cxd5 exd5 5. Bg5 c6 6. e3 h6 7. Bh4 Be7 8. Bd3 O-O 9. Nge2 Nbd7 10. f3 Re8 11. O-O Nf8 12. Bf2 c5 13. Rc1 a6 14. Bb1 Ne6 15. e4 dxe4 16. Nxe4 Nxe4 17. Bxe4 cxd4 18. Nxd4 Nc5 19. Bb1 Bf8 20. Qc2 g6 21. Rfd1 Qg5 22. h4 Qf6 23. b4 Ne6 24. h5 Nf4 25. hxg6 fxg6 26. Qb3+ Kh8 27. Re1 Bh3 28. Nc2 Qg5 29. g3 Ne2+ 30. Rxe2 Qxc1+ 31. Kh2 Rxe2 32. Qf7 Rxf2+ 33. Kxh3 Qh1+ 0-1


[Site "https://www.chess.com"]

[Event "Titled Tuesday Blitz May 23 Late 2023"]
[White "Sivakumar, Shaaketh"]
[Black "Kuznetsov, Felix"]
[WhiteFideId "30940176"]
[BlackFideId "34147990"]
[WhiteElo "2174"]
[BlackElo "2281"]
[Result "0-1"]
[Round "05"]
[TimeControl "180+2"]
[Date "2023.05.23"]
[WhiteClock "0:00:05"]
[BlackClock "0:01:27"]

1. e4 c5 2. Nf3 Nc6 3. g3 d5 4. Bg2 dxe4 5. Ng5 f5 6. d3 exd3 7. Nc3 Nf6 8. O-O h6 9. Nh3 dxc2 10. Qxc2 Nd4 11. Qd3 e5 12. Be3 Nf3+ 13. Bxf3 Qxd3 14. Rfd1 Qa6 15. Be2 c4 16. b3 Be6 17. a4 f4 18. Nb5 Qxb5 19. axb5 fxe3 20. Kg2 cxb3 21. fxe3 Bxh3+ 22. Kxh3 Bc5 23. Rab1 Bxe3 24. Rxb3 Bd4 25. Bf3 O-O 26. Bxb7 Rab8 27. Bc6 Rfd8 28. Ra3 e4 29. Ra4 Bb6 30. Rxd8+ Rxd8 31. Bxe4 Nxe4 32. Rxe4 Rd5 33. Rb4 Rd2 34. Rc4 Rb2 35. Rc8+ Kh7 0-1


[Site "https://www.chess.com"]

[Event "Titled Tuesday Blitz May 23 Late 2023"]
[White "Yanchenko, Roman"]
[Black "Haszon, David"]
[WhiteFideId "4137329"]
[BlackFideId "733610"]
[WhiteElo "2491"]
[BlackElo "2210"]
[Result "1-0"]
[Round "05"]
[TimeControl "180+2"]
[Date "2023.05.23"]
[WhiteClock "0:01:37"]
[BlackClock "0:00:12"]

1. d4 Nf6 2. Nf3 e6 3. c4 d5 4. Nc3 Nbd7 5. Bg5 Bb4 6. e3 O-O 7. Qc2 h6 8. Bh4 c6 9. a3 Be7 10. Rd1 a6 11. h3 Re8 12. Bg3 Qa5 13. Bd3 dxc4 14. Bxc4 b5 15. Bd3 c5 16. O-O c4 17. Be2 Bb7 18. e4 Rac8 19. Rfe1 b4 20. axb4 Qxb4 21. Ra1 Qb6 22. Ra4 Bb4 23. Nd2 a5 24. Nxc4 Rxc4 25. Bxc4 Rc8 26. Qd3 Nxe4 27. Rxe4 Bxc3 28. bxc3 Bxe4 29. Qxe4 Qb1+ 30. Qxb1 1-0


[Site "https://www.chess.com"]

[Event "Titled Tuesday Blitz May 23 Late 2023"]
[White "Papasimakopoulos, Alexandros"]
[Black "Van Dael, Siem"]
[WhiteFideId "4244125"]
[BlackFideId "1049771"]
[WhiteElo "2359"]
[BlackElo "2336"]
[Result "1-0"]
[Round "05"]
[TimeControl "180+2"]
[Date "2023.05.23"]
[WhiteClock "0:00:19"]
[BlackClock "0:00:00"]

1. d4 e6 2. c4 b6 3. e4 Bb4+ 4. Bd2 Bxd2+ 5. Qxd2 d5 6. cxd5 exd5 7. e5 Ne7 8. Nc3 O-O 9. Nf3 c5 10. Bd3 Nbc6 11. h3 f6 12. exf6 Rxf6 13. Be2 h6 14. O-O Be6 15. Rfe1 Qd6 16. dxc5 Qxc5 17. Rac1 Qb4 18. a3 Qa5 19. Nd4 Nxd4 20. Qxd4 Qc5 21. Nb5 Qxd4 22. Nxd4 Bf7 23. Bg4 Ng6 24. Rc7 Rf4 25. Ne6 Re4 26. Rxe4 dxe4 27. Nd4 Ne5 28. Be6 Rd8 29. Bxf7+ Nxf7 30. Nf5 Rd1+ 31. Kh2 Rd2 32. Kg3 Rxb2 33. Rxa7 g6 34. Ne7+ Kg7 35. Nd5 Kf8 36. Nf4 Ne5 37. Ne6+ Ke8 38. h4 Rb3+ 39. Kf4 Nd3+ 40. Kxe4 Nxf2+ 41. Ke5 Ng4+ 42. Kd5 Nf6+ 43. Kd6 Ne4+ 44. Ke5 Nc5 45. Nxc5 bxc5 46. a4 Rg3 47. a5 1-0


[Site "https://www.chess.com"]

[Event "Titled Tuesday Blitz May 23 Late 2023"]
[White "Zemlyanskii, Ivan"]
[Black "Jaracz, Pawel"]
[WhiteFideId "24249971"]
[BlackFideId "1102222"]
[WhiteElo "2421"]
[BlackElo "2438"]
[Result "1-0"]
[Round "05"]
[TimeControl "180+2"]
[Date "2023.05.23"]
[WhiteClock "0:00:07"]
[BlackClock "0:00:00"]

1. d4 Nf6 2. c4 e6 3. Bf4 d5 4. Nc3 dxc4 5. e3 c5 6. Bxc4 cxd4 7. exd4 Bb4 8. Nf3 O-O 9. O-O b6 10. Rc1 Bb7 11. Bg5 Nbd7 12. Re1 Rc8 13. Bb3 Bxc3 14. bxc3 Qc7 15. c4 Ng4 16. h3 Ngf6 17. Qe2 Rfe8 18. Bh4 Ne4 19. Nd2 Ndf6 20. Nxe4 Nxe4 21. Qe3 Nd6 22. Bg3 Qd7 23. Bxd6 Qxd6 24. c5 Qd7 25. Qe5 Red8 26. Rcd1 Qc6 27. f3 h6 28. Kh2 Qc7 29. Qxc7 Rxc7 30. cxb6 axb6 31. Rc1 Rcd7 32. Re5 Rxd4 33. Rb5 Rd2 34. Kg3 Rb2 35. Rxb6 Bd5 36. Rd1 Ra8 37. Bxd5 Rxb6 38. Bxa8 Ra6 39. Be4 f5 40. Bd3 Kf8 41. Bxa6 1-0


[Site "https://www.chess.com"]

[Event "Titled Tuesday Blitz May 23 Late 2023"]
[White "Gurevich, Dmitry"]
[Black "Debray, Christopher"]
[WhiteFideId "2000407"]
[BlackFideId "630810"]
[WhiteElo "2506"]
[BlackElo "2340"]
[Result "1-0"]
[Round "05"]
[TimeControl "180+2"]
[Date "2023.05.23"]
[WhiteClock "0:00:09"]
[BlackClock "0:00:23"]

1. d4 g6 2. c4 Bg7 3. e4 d6 4. Nc3 e5 5. d5 h5 6. Be2 a5 7. Be3 Bh6 8. Qd2 Na6 9. Nf3 f6 10. O-O Kf7 11. h3 Nc5 12. Rab1 Kg7 13. b3 f5 14. Bg5 Bxg5 15. Qxg5 Qxg5 16. Nxg5 h4 17. f4 exf4 18. Rxf4 Nf6 19. exf5 Bxf5 20. Rbf1 Rae8 21. Bg4 Nd3 22. Rxf5 gxf5 23. Bxf5 Nc5 24. Na4 Nxa4 25. bxa4 Re2 26. Ne6+ Kf7 27. Nxc7 Rxa2 28. Nb5 Rd8 29. Be6+ Kg7 30. c5 dxc5 31. d6 Ne4 32. Rf7+ Kg6 33. Bxa2 Nxd6 34. Nxd6 Rxd6 35. Rxb7 Rd1+ 36. Kh2 Rd4 37. Bb3 Rb4 38. Rxb4 cxb4 39. g3 hxg3+ 40. Kxg3 Kg5 41. Kf3 Kh4 42. Ke4 Kxh3 43. Kd4 Kg4 44. Kc5 Kf5 45. Kb5 Ke5 46. Kxa5 Kd6 47. Kb6 1-0


[Site "https://www.chess.com"]

[Event "Titled Tuesday Blitz May 23 Late 2023"]
[White "Buchenau, Frank"]
[Black "Makarian, Rudik"]
[WhiteFideId "4604350"]
[BlackFideId "44105681"]
[WhiteElo "2157"]
[BlackElo "2461"]
[Result "0-1"]
[Round "05"]
[TimeControl "180+2"]
[Date "2023.05.23"]
[WhiteClock "0:00:00"]
[BlackClock "0:00:15"]

1. e4 c5 2. Nf3 Nc6 3. Bb5 e6 4. Bxc6 bxc6 5. d3 Bd6 6. e5 Bc7 7. Qe2 Ne7 8. h4 O-O 9. h5 h6 10. Nc3 f6 11. exf6 Rxf6 12. Ne4 Rf7 13. Nxc5 e5 14. Bd2 d6 15. Ne4 Bg4 16. O-O-O Nf5 17. c3 d5 18. Ng3 Rb8 19. Nxf5 Rxf5 20. Qe1 Bd6 21. Kb1 Qb6 22. Bc1 Rbf8 23. Rd2 Bxf3 24. gxf3 Rxf3 25. Re2 Qb5 26. d4 Qd3+ 27. Ka1 exd4 28. cxd4 Qxd4 29. Re8 Qf6 30. Re6 Qd8 31. Rg1 Bf4 32. Bxf4 R3xf4 33. Reg6 R8f7 34. Rxh6 Rxf2 35. Rhg6 Qf8 36. Qe6 Kh8 37. a3 Rf1+ 38. Rxf1 Rxf1+ 39. Ka2 Rf6 0-1


[Site "https://www.chess.com"]

[Event "Titled Tuesday Blitz May 23 Late 2023"]
[White "Ibarra Jerez, Jose Carlos"]
[Black "Novik, Maxim"]
[WhiteFideId "2226332"]
[BlackFideId "4102924"]
[WhiteElo "2638"]
[BlackElo "2287"]
[Result "1-0"]
[Round "05"]
[TimeControl "180+2"]
[Date "2023.05.23"]
[WhiteClock "0:01:01"]
[BlackClock "0:00:00"]

1. e4 c6 2. Nf3 d5 3. d3 Nd7 4. Qe2 dxe4 5. dxe4 e5 6. g3 Ngf6 7. Bg2 Bc5 8. O-O O-O 9. Nbd2 a5 10. a4 b6 11. Rd1 Qc7 12. h3 Ba6 13. Qe1 Rad8 14. Nb3 Bb4 15. c3 Be7 16. Nh4 g6 17. Bh6 Rfe8 18. Nf3 Nc5 19. Nxc5 Bxc5 20. Bg5 Kg7 21. Bf1 Bxf1 22. Kxf1 h6 23. Bxf6+ Kxf6 24. Qe2 Kg7 25. Kg2 Qe7 26. Qc4 Qf6 27. Rac1 g5 28. b4 Bf8 29. Nh2 h5 30. Nf1 axb4 31. cxb4 Rd4 32. Qc2 Bxb4 33. Ne3 Bc5 34. Nf5+ Kg6 35. Nxd4 exd4 36. a5 Re6 37. Rb1 Qe5 38. axb6 h4 39. b7 Bd6 40. Qxc6 hxg3 41. Qd5 Qf4 42. Qf5+ Qxf5 43. exf5+ Kxf5 44. b8=Q Bxb8 45. Rxb8 gxf2 46. Rxd4 Re2 47. Rb5+ Kg6 48. Rdd5 f6 49. Rf5 1-0


[Site "https://www.chess.com"]

[Event "Titled Tuesday Blitz May 23 Late 2023"]
[White "Durarbayli, Vasif"]
[Black "Adla, Diego"]
[WhiteFideId "13402935"]
[BlackFideId "100072"]
[WhiteElo "2551"]
[BlackElo "2377"]
[Result "0-1"]
[Round "05"]
[TimeControl "180+2"]
[Date "2023.05.23"]
[WhiteClock "0:00:00"]
[BlackClock "0:00:02"]

1. e4 e5 2. Nc3 Nf6 3. d4 exd4 4. Qxd4 Nc6 5. Qd3 d5 6. Bg5 Be7 7. Bxf6 Bxf6 8. exd5 Ne5 9. Qe4 O-O 10. O-O-O Re8 11. Bb5 Bd7 12. Bxd7 Qxd7 13. Nge2 b5 14. Qb4 Nc4 15. Rhe1 a5 16. Qc5 Nxb2 17. Kxb2 b4 18. Qc6 Qg4 19. Nd4 bxc3+ 20. Ka1 Reb8 21. Nb5 a4 22. Nxc7 h5 23. Nxa8 a3 24. Nb6 Qf5 25. Re8+ Kh7 26. Rxb8 Qxc2 27. Rb1 Qd3 28. Rc8 c2+ 29. Qxf6 gxf6 30. Rxc2 Qxc2 0-1


[Site "https://www.chess.com"]

[Event "Titled Tuesday Blitz May 23 Late 2023"]
[White "Grigoriants, Sergey"]
[Black "Wadsworth, Matthew J"]
[WhiteFideId "4130804"]
[BlackFideId "415804"]
[WhiteElo "2502"]
[BlackElo "2347"]
[Result "0-1"]
[Round "05"]
[TimeControl "180+2"]
[Date "2023.05.23"]
[WhiteClock "0:00:00"]
[BlackClock "0:00:09"]

1. d4 Nf6 2. c4 c5 3. d5 e6 4. Nc3 exd5 5. cxd5 d6 6. Nf3 g6 7. Bf4 a6 8. a4 Bg7 9. h3 O-O 10. e3 Ne8 11. Be2 Qe7 12. O-O Nd7 13. Rb1 Rb8 14. Qd2 Ne5 15. b4 Nxf3+ 16. Bxf3 cxb4 17. Rxb4 Nf6 18. Rfb1 Nd7 19. Be2 Nc5 20. e4 Bd7 21. a5 Rfc8 22. Rc4 Bxc3 23. Qxc3 Bb5 24. Rxb5 axb5 25. Rb4 Na6 26. Qb2 Nxb4 27. Qxb4 Rc5 28. Bxb5 Rbc8 29. Be2 Qf6 30. Be3 Rc1+ 31. Kh2 Qe5+ 32. g3 R1c2 33. Bf3 Qc3 34. Qb6 Qb2 35. h4 Qxb6 36. Bxb6 R8c3 37. Kg2 Rb3 38. e5 dxe5 39. d6 Rxb6 40. axb6 Rd2 41. Bxb7 Rxd6 0-1


[Site "https://www.chess.com"]

[Event "Titled Tuesday Blitz May 23 Late 2023"]
[White "Hambleton, Aman"]
[Black "Melian, Juan Sebastian"]
[WhiteFideId "2606577"]
[BlackFideId "3706575"]
[WhiteElo "2511"]
[BlackElo "2092"]
[Result "1-0"]
[Round "05"]
[TimeControl "180+2"]
[Date "2023.05.23"]
[WhiteClock "0:00:05"]
[BlackClock "0:00:03"]

1. c4 e6 2. d4 Nf6 3. Nc3 Bb4 4. Qc2 c5 5. dxc5 Qc7 6. a3 Bxc5 7. Nf3 a6 8. e3 Be7 9. Be2 b6 10. g4 h6 11. Rg1 Bb7 12. h4 g6 13. g5 hxg5 14. hxg5 Nh5 15. b4 d6 16. Bb2 Rg8 17. O-O-O Nd7 18. Kb1 O-O-O 19. Rc1 Kb8 20. Nd2 Ng7 21. Nce4 Nf5 22. Qb3 Rc8 23. f4 Qd8 24. Qd3 Rc7 25. Bf3 Qc8 26. Rh1 Qe8 27. Rh7 Nf8 28. Rh3 Qd7 29. Bf6 Ka7 30. Bxe7 Qxe7 31. Nf6 Rg7 32. Bxb7 Rxb7 33. e4 Nd7 34. Nxd7 Qxd7 35. exf5 gxf5 36. Nb3 Qa4 37. Kb2 f6 38. gxf6 Rg2+ 39. Rc2 Rxc2+ 40. Qxc2 Rf7 41. Nd4 Rxf6 42. Qxa4 1-0


[Site "https://www.chess.com"]

[Event "Titled Tuesday Blitz May 23 Late 2023"]
[White "Bryakin, Mikhail"]
[Black "Spitzl, Vinzent"]
[WhiteFideId "4165314"]
[BlackFideId "12901253"]
[WhiteElo "2467"]
[BlackElo "2225"]
[Result "1-0"]
[Round "05"]
[TimeControl "180+2"]
[Date "2023.05.23"]
[WhiteClock "0:00:20"]
[BlackClock "0:00:00"]

1. Nf3 d5 2. c4 e6 3. b3 Nf6 4. Bb2 Be7 5. g3 O-O 6. Bg2 c5 7. cxd5 Nxd5 8. O-O Nc6 9. d4 cxd4 10. Nxd4 Bd7 11. Nd2 Nxd4 12. Bxd4 Bc6 13. Nc4 Nb4 14. e4 Bb5 15. a3 Bxc4 16. bxc4 Nc6 17. Bc3 Qxd1 18. Rfxd1 Rfd8 19. e5 Rxd1+ 20. Rxd1 Rd8 21. Rxd8+ Bxd8 22. f4 Kf8 23. Kf1 Ke8 24. Be4 g6 25. a4 Bb6 26. Ke2 h5 27. h3 Bc5 28. g4 hxg4 29. hxg4 Kd7 30. Kf3 Kc7 31. Ke2 Ne7 32. Ba5+ Bb6 33. Bb4 Nc6 34. Bd6+ Kd7 35. c5 Ba5 36. Kd3 Bd8 37. Bg2 a6 38. Kc4 Ba5 39. Kd3 Bd8 40. Ke4 Ba5 41. Bf1 Bd8 42. Bc4 Ba5 43. f5 gxf5+ 44. gxf5 Bd8 45. f6 Ba5 46. Be2 Bc3 47. Bd1 Bb2 48. Kf4 Bc3 49. Bf3 Bb2 50. Kg5 Nxe5 51. Bxb7 a5 52. Be4 Nc4 53. Be7 Ne5 54. Kh6 Nc6 55. Bxc6+ Kxc6 56. Kg7 e5 57. Kxf7 e4 58. Kg6 e3 59. f7 e2 60. f8=Q e1=Q 61. Qf3+ Kd7 62. Qb7+ Ke6 63. Qxb2 Kxe7 64. Qb7+ Kd8 65. Qb8+ Kd7 66. Qd6+ Kc8 67. Qa6+ Kc7 68. Qd6+ Kc8 69. Kf7 Qf2+ 70. Ke7 Qh4+ 71. Qf6 Qxa4 72. Qa6+ Kc7 73. Qa7+ Kc8 74. Qa6+ Kc7 75. Qb6+ Kc8 76. Qe6+ Kc7 77. Qd6+ Kc8 78. Qd8+ Kb7 79. Qd7+ Kb8 80. Qxa4 1-0


[Site "https://www.chess.com"]

[Event "Titled Tuesday Blitz May 23 Late 2023"]
[White "Sattarov, Bobir"]
[Black "Filipascu"]
[WhiteFideId "14203081"]
[WhiteElo "2351"]
[BlackElo "2562"]
[Result "0-1"]
[Round "05"]
[TimeControl "180+2"]
[Date "2023.05.23"]
[WhiteClock "0:00:05"]
[BlackClock "0:00:09"]

1. e4 c5 2. Nf3 d6 3. d4 cxd4 4. Nxd4 Nf6 5. f3 e5 6. Nb3 d5 7. Bg5 dxe4 8. Qxd8+ Kxd8 9. fxe4 Kc7 10. Bxf6 gxf6 11. Nc3 Be6 12. O-O-O a6 13. Nd5+ Bxd5 14. Rxd5 Nc6 15. c3 Rg8 16. g3 Bh6+ 17. Kc2 Rg4 18. Bg2 Rd8 19. Rf1 Rg6 20. Bh3 Rxd5 21. exd5 Ne7 22. c4 b6 23. Kd3 Bg7 24. Nd2 Rh6 25. Bf5 Rh5 26. g4 Rh3+ 27. Rf3 Rxf3+ 28. Nxf3 h5 29. Nd2 hxg4 30. Bxg4 f5 31. Bh5 e4+ 32. Kc2 Be5 33. h3 f6 34. b4 Kd6 35. Bf7 Bf4 36. c5+ bxc5 37. Nc4+ Kd7 38. bxc5 Bg3 39. Be6+ Kd8 40. Kd2 f4 41. Na5 f3 42. Ke3 Bf4+ 43. Kf2 Ng6 44. d6 Ne5 45. Nb7+ Ke8 46. d7+ Nxd7 47. Bf5 e3+ 48. Kxf3 Ne5+ 49. Ke2 Ke7 50. h4 Nc6 51. Kf3 Nd4+ 52. Kxf4 e2 53. c6 e1=Q 54. c7 Qe5+ 55. Kg4 Qxf5+ 56. Kg3 Qf3+ 57. Kh2 Qxb7 58. c8=Q Qxc8 59. h5 Qg4 60. h6 Nf3+ 0-1


[Site "https://www.chess.com"]

[Event "Titled Tuesday Blitz May 23 Late 2023"]
[White "gueraumasague"]
[Black "Gokerkan, Cem Kaan"]
[BlackFideId "6336760"]
[WhiteElo "2560"]
[BlackElo "2365"]
[Result "0-1"]
[Round "05"]
[TimeControl "180+2"]
[Date "2023.05.23"]
[WhiteClock "0:00:00"]
[BlackClock "0:00:36"]

1. e4 c5 2. Nc3 g6 3. f4 Bg7 4. Nf3 Nc6 5. Bb5 Nd4 6. Bc4 e6 7. O-O Ne7 8. e5 d6 9. exd6 Nef5 10. Ne4 Nxd6 11. Nxd6+ Qxd6 12. d3 b5 13. Bb3 O-O 14. Nxd4 Qxd4+ 15. Kh1 Bb7 16. Qe2 Rac8 17. c3 Qd6 18. Be3 Rfd8 19. Rfd1 a5 20. d4 c4 21. Bc2 b4 22. Rf1 Bd5 23. Qd2 Qc6 24. Rf2 Rb8 25. Bd1 Rb7 26. a3 Rdb8 27. axb4 axb4 28. Ba4 Ra7 29. Qd1 Rba8 30. Bxc6 Rxa1 31. Bc1 Bxc6 32. h3 b3 33. Rf1 Be4 34. Re1 Bd5 35. Qe2 R1a2 36. Kh2 h5 37. g4 hxg4 38. hxg4 Kf8 39. Kg3 Ke7 40. f5 gxf5 41. gxf5 Rg8 42. Kf2 Bf6 43. Rg1 Bh4+ 44. Kf1 Rxg1+ 45. Kxg1 Ra1 46. Qe3 f6 47. Qf4 Bg5 48. Qc7+ Kf8 49. Qd8+ Kg7 50. Qe7+ Kh6 51. Qf8+ Kh5 52. Qh8+ Kg4 53. Kf2 Rxc1 54. fxe6 Rc2+ 55. Ke1 Bxe6 0-1


[Site "https://www.chess.com"]

[Event "Titled Tuesday Blitz May 23 Late 2023"]
[White "Taboas Rodriguez, Daniel"]
[Black "Hasangatin, Ramil"]
[WhiteFideId "2208466"]
[BlackFideId "4122160"]
[WhiteElo "2365"]
[BlackElo "2279"]
[Result "0-1"]
[Round "05"]
[TimeControl "180+2"]
[Date "2023.05.23"]
[WhiteClock "0:00:00"]
[BlackClock "0:00:04"]

1. d4 d6 2. Nf3 Bg4 3. c4 Bxf3 4. exf3 c6 5. f4 g6 6. Nc3 Bg7 7. Be3 Nf6 8. Bd3 e6 9. O-O d5 10. Qb3 Qb6 11. Qa3 Bf8 12. c5 Qc7 13. Rae1 Be7 14. f5 gxf5 15. Bh6 Rg8 16. h3 Rg6 17. Bd2 Nbd7 18. b4 Ne4 19. Qc1 O-O-O 20. Bf4 e5 21. dxe5 Nxe5 22. Bb1 Rdg8 23. g3 Bg5 24. Kg2 h5 25. Bxg5 Rxg5 26. Qf4 Ng6 27. Qxc7+ Kxc7 28. Ne2 h4 29. Kh2 hxg3+ 30. fxg3 Ne5 31. Bxe4 fxe4 32. g4 Nf3+ 33. Rxf3 exf3 34. Nd4 Kd7 35. Kg3 R5g6 36. Kxf3 Rh8 37. Kg3 Rgh6 38. Rh1 b6 39. h4 Rf6 40. Nf5 bxc5 41. bxc5 Rb8 42. h5 Re6 43. h6 Re4 44. h7 Rh8 45. Rh6 Re6 46. Rh5 Rg6 47. Kf4 d4 48. Nxd4 Rg7 49. Nf3 Rhxh7 50. Ne5+ Ke6 51. Rxh7 Rxh7 52. Nxc6 Kd5 53. Ne7+ Kxc5 54. Kf5 Rh1 55. Kf6 Rg1 56. g5 Rf1+ 57. Nf5 a5 0-1


[Site "https://www.chess.com"]

[Event "Titled Tuesday Blitz May 23 Late 2023"]
[White "Baghdasaryan, Vahe"]
[Black "Tatarinov, Dmitry"]
[WhiteFideId "13303139"]
[BlackFideId "24160067"]
[WhiteElo "2216"]
[BlackElo "2326"]
[Result "0-1"]
[Round "05"]
[TimeControl "180+2"]
[Date "2023.05.23"]
[WhiteClock "0:00:27"]
[BlackClock "0:00:49"]

1. e4 c5 2. Nf3 e6 3. d4 cxd4 4. Nxd4 Nf6 5. Nc3 Nc6 6. Ndb5 d6 7. Bf4 e5 8. Bg5 a6 9. Na3 b5 10. Nd5 Be7 11. Bxf6 Bxf6 12. c3 O-O 13. Nc2 Rb8 14. h4 a5 15. Nce3 Be6 16. Bd3 g6 17. h5 Bg5 18. g3 Ne7 19. f4 Bxd5 20. fxg5 Be6 21. Ng4 Bxg4 22. Qxg4 Qc8 23. Qh4 Qe6 24. O-O-O b4 25. c4 f5 26. exf5 Nxf5 27. Bxf5 Rxf5 28. hxg6 Qxg6 29. Rxd6 Qxg5+ 30. Qxg5+ Rxg5 31. b3 Rxg3 32. Rd7 Rg7 33. Rd5 Re8 34. Re1 e4 35. Rxa5 e3 36. Rd5 Rg2 37. Rd3 Rxa2 38. Rexe3 Rxe3 39. Rxe3 Kg7 40. Re7+ Kg6 41. Rb7 h5 42. Rxb4 h4 43. c5 h3 44. Rh4 h2 45. Kb1 Rg2 46. c6 Rg1+ 47. Kb2 h1=Q 48. Rxh1 Rxh1 49. b4 Kf6 50. b5 Ke6 51. b6 Kd6 52. b7 Kc7 53. Kb3 Rh6 54. Kb4 Rxc6 0-1


[Site "https://www.chess.com"]

[Event "Titled Tuesday Blitz May 23 Late 2023"]
[White "Boyer, Mahel"]
[Black "Guerra Tulcan, Lenin"]
[WhiteFideId "45102422"]
[BlackFideId "3601382"]
[WhiteElo "2439"]
[BlackElo "2368"]
[Result "0-1"]
[Round "05"]
[TimeControl "180+2"]
[Date "2023.05.23"]
[WhiteClock "0:00:00"]
[BlackClock "0:00:24"]

1. g3 d5 2. Bg2 e6 3. Nf3 Nf6 4. O-O Bd6 5. d3 c6 6. Nbd2 O-O 7. e4 e5 8. Re1 Nbd7 9. exd5 cxd5 10. c4 d4 11. c5 Nxc5 12. Nc4 Bg4 13. h3 Bh5 14. g4 Bg6 15. Nfxe5 Bxe5 16. Nxe5 Nfd7 17. Nxg6 hxg6 18. b4 Ne6 19. Bxb7 Rb8 20. Bg2 Qf6 21. Qf3 Rfc8 22. a3 Rc3 23. Qg3 Rbc8 24. Bb2 Nf4 25. Bc1 Nxd3 26. g5 Nxe1 27. gxf6 Rxg3 28. fxg3 Nxg2 29. Kxg2 gxf6 30. Kf3 Rc3+ 31. Ke4 Rxg3 32. Kxd4 Rxh3 33. Bf4 Rh4 34. Ke3 Nb6 35. Rd1 Nc4+ 36. Kf3 Rh3+ 37. Kg2 Rxa3 38. Rd7 Ne5 39. Rd8+ Kg7 40. Rb8 Ra2+ 41. Kf1 g5 42. Be3 Kg6 43. Bc5 Nd3 0-1


[Site "https://www.chess.com"]

[Event "Titled Tuesday Blitz May 23 Late 2023"]
[White "Musovic, Armin"]
[Black "Dimitrov, Atanas"]
[WhiteFideId "939935"]
[BlackFideId "2901315"]
[WhiteElo "2322"]
[BlackElo "2705"]
[Result "0-1"]
[Round "05"]
[TimeControl "180+2"]
[Date "2023.05.23"]
[WhiteClock "0:00:14"]
[BlackClock "0:00:09"]

1. a3 e5 2. d4 exd4 3. Qxd4 Nc6 4. Qa4 Nf6 5. Nc3 Bc5 6. Bg5 O-O 7. O-O-O Be7 8. e3 d6 9. Bd3 Ne5 10. Be2 Bd7 11. Qd4 Bc6 12. Nf3 Nfd7 13. h4 h6 14. Rdg1 Bf6 15. Qf4 Ng6 16. Qg3 hxg5 17. hxg5 Bxc3 18. Qh3 Bxb2+ 19. Kxb2 Re8 20. Qh7+ Kf8 21. Nd4 Qxg5 22. f4 Qf6 23. f5 Rxe3 24. c3 Rxe2+ 25. Nxe2 Qxf5 26. Rf1 Qb5+ 27. Kc1 Nde5 28. Nd4 Qc4 29. Qh3 Nd3+ 30. Kd2 Ndf4 31. Qe3 Bxg2 32. Rh8+ Nxh8 33. Rxf4 Re8 34. Qg3 Bd5 35. Qg5 Ng6 36. Qxg6 Qa2+ 37. Nc2 Bb3 38. Qh7 Qxc2+ 39. Qxc2 Bxc2 40. Kxc2 Re5 41. Rh4 Ke7 42. Rb4 b6 43. a4 a5 44. Rc4 Rc5 45. Rg4 g5 46. Rg1 Kf6 47. Kd3 Kg6 48. c4 f5 49. Kd4 f4 50. Re1 Re5 51. Rh1 f3 52. Rh8 Rf5 53. Rg8+ Kh7 54. Rc8 f2 55. Rxc7+ Kg6 56. Rc6 f1=Q 57. Rxd6+ Kh5 58. Rxb6 Qf2+ 59. Ke4 Qxb6 60. c5 Rxc5 61. Kf3 Qb3+ 62. Ke2 Rc2+ 63. Kd1 Qb1# 0-1


[Site "https://www.chess.com"]

[Event "Titled Tuesday Blitz May 23 Late 2023"]
[White "Goltsev, Dmitry"]
[Black "Baches Garcia, Guillermo"]
[WhiteFideId "24176710"]
[BlackFideId "2209764"]
[WhiteElo "2356"]
[BlackElo "2525"]
[Result "1/2-1/2"]
[Round "05"]
[TimeControl "180+2"]
[Date "2023.05.23"]
[WhiteClock "0:00:04"]
[BlackClock "0:00:10"]

1. e4 d5 2. exd5 Qxd5 3. Nf3 Bg4 4. Be2 Nc6 5. Nc3 Qd7 6. h3 Bxf3 7. Bxf3 O-O-O 8. d3 Nd4 9. Be3 e5 10. a4 f5 11. Nb5 a6 12. O-O axb5 13. axb5 Qxb5 14. Bxd4 exd4 15. Qe2 Bd6 16. Qe6+ Kb8 17. Ra2 Qe5 18. Rfa1 c6 19. Qb3 Re8 20. Ra8+ Kc7 21. Qxb7+ Kxb7 22. R1a7+ Kb6 23. Ra6+ Kc7 24. R6a7+ Kb6 25. Ra6+ Kc7 26. R6a7+ Kb6 1/2-1/2


[Site "https://www.chess.com"]

[Event "Titled Tuesday Blitz May 23 Late 2023"]
[White "Sun, Rick"]
[Black "Seletsky, Grigory"]
[WhiteFideId "30909481"]
[BlackFideId "14112191"]
[WhiteElo "2169"]
[BlackElo "2491"]
[Result "1-0"]
[Round "05"]
[TimeControl "180+2"]
[Date "2023.05.23"]
[WhiteClock "0:01:26"]
[BlackClock "0:01:43"]

1. e4 e5 2. Nf3 Nc6 3. Bb5 a6 4. Ba4 Nf6 5. O-O b5 6. Bb3 Be7 7. d4 d6 8. c3 O-O 9. Re1 Bb7 10. Nbd2 Re8 11. Ng5 Bf8 12. Nxf7 Qb8 13. Nxd6+ Kh8 14. Nf7+ Kg8 15. Nxe5+ Kh8 16. Nf7+ Kg8 17. Nd6+ Kh8 18. Nxe8 Qxe8 19. e5 Qg6 20. Bc2 1-0


[Site "https://www.chess.com"]

[Event "Titled Tuesday Blitz May 23 Late 2023"]
[White "Timmermans, Mark"]
[Black "Dragomirescu, Robin-Alexandru"]
[WhiteFideId "1026399"]
[BlackFideId "1213849"]
[WhiteElo "2460"]
[BlackElo "2356"]
[Result "1-0"]
[Round "05"]
[TimeControl "180+2"]
[Date "2023.05.23"]
[WhiteClock "0:01:43"]
[BlackClock "0:01:11"]

1. e4 g6 2. d4 Nf6 3. Nc3 d5 4. exd5 Nxd5 5. Nf3 Bg7 6. Nxd5 Qxd5 7. Be2 c5 8. c4 Qd6 9. dxc5 Qxc5 10. O-O O-O 11. Be3 Qc7 12. Qb3 Nc6 13. Rad1 h6 14. Nd4 Nxd4 15. Bxd4 e5 16. Be3 Be6 17. Rc1 b5 18. Qb4 bxc4 19. Bxc4 Rab8 20. Bxe6 Qxc1 21. Qxf8+ Kxf8 22. Rxc1 fxe6 23. b3 Rb7 24. Rc8+ Kf7 25. Ra8 e4 26. Rxa7 1-0


[Site "https://www.chess.com"]